 Dungeon Crawl Stone Soup version 0.29.1-2-gbd0b4ee654 (webtiles) character file.

Game seed: 14858030706108200655

4617 wingedge the Conjurer (level 10, -5/81 HPs)
             Began as a Demigod Conjurer on Nov 19, 2022.
             Slain by a manticore (21 damage)
             ... on level 8 of the Dungeon.
             The game lasted 00:30:24 (10478 turns).

wingedge the Conjurer (Demigod Conjurer)           Turns: 10478, Time: 00:30:24

Health: -5/81      AC: 10    Str: 12    XL:     10   Next: 0%
Magic:  0/22       EV: 11    Int: 37    God:
Gold:   398        SH:  6    Dex: 12    Spells: 5/21 levels left

rFire   + . .      SeeInvis .   b - +3 short sword of Zosim {vamp, rElec rC+}
rCold   + . .      Faith    .   A - +2 buckler
rNeg    . . .      Spirit   +   v - +1 leather armour of Lilacs {rElec rF+ Int+4}
rPois   +          Reflect  .   k - +0 helmet
rElec   +          Harm     .   s - +0 cloak
rCorr   .          Rampage  .   (no gloves)
Will    +....                   (no boots)
Stlth   ++........              l - amulet of guardian spirit
HPRegen 0.23/turn               r - +4 ring of protection
MPRegen 0.18/turn               z - ring "Joceilar" {rPois Int+5}

@: mighty
A: high MP 1, forlorn, divine attributes
a: no special abilities


You were on level 8 of the Dungeon.
You visited 1 branch of the dungeon, and saw 8 of its levels.
You also visited: Ossuary.

You collected 398 gold pieces.

Inventory:

Hand Weapons
 a - the +4 hand axe "Wiegoipn" {pain, Int+4 Dex+4}
   (You found it on level 4 of the Dungeon)

   In the hands of one skilled in necromantic magic, it inflicts extra damage on
   living creatures.
   Int:       It affects your intelligence (+4).
   Dex:       It affects your dexterity (+4).
 b - the +3 short sword of Zosim (weapon) {vamp, rElec rC+}
   (You found it on level 6 of the Dungeon)

   It occasionally heals its wielder for a portion of the damage dealt when it
   wounds a living foe.
   rC:        It protects you from cold.
   rElec:     It insulates you from electricity.
 e - a +5 long sword
 N - a +2 shortbow of flaming
 O - a +5 great sword
Missiles
 u - 3 atropa-tipped darts
Armour
 k - a +0 helmet (worn)
 s - a +0 cloak (worn)
 v - the +1 leather armour of Lilacs (worn) {rElec rF+ Int+4}
   (You found it on level 4 of the Dungeon)

   Int:       It affects your intelligence (+4).
   rF:        It protects you from fire.
   rElec:     It insulates you from electricity.
 A - a +2 buckler (worn)
Jewellery
 l - an amulet of guardian spirit (around neck)
 m - a ring of magical power
 r - a +4 ring of protection (left hand)
 z - the ring "Joceilar" (right hand) {rPois Int+5}
   (You took it off a gnoll on level 5 of the Dungeon)

   [ring of poison resistance]

   Int:       It affects your intelligence (+5).
   rPois:     It protects you from poison.
 G - a ring of protection from cold
Wands
 w - a wand of quicksilver (8)
 I - a wand of polymorph (6)
Scrolls
 j - 7 scrolls of teleportation
 o - 2 scrolls of amnesia
 p - 2 scrolls of enchant weapon {unknown}
 q - 3 scrolls of magic mapping {unknown}
 y - 2 scrolls of acquirement {unknown}
 D - 2 scrolls of enchant armour {unknown}
 E - a scroll of fear {unknown}
 F - a scroll of vulnerability {unknown}
 K - 2 scrolls of poison {unknown}
 M - 3 scrolls of noise {unknown}
Potions
 c - 2 potions of attraction
 f - a potion of experience {unknown}
 g - 5 potions of might
 h - 3 potions of curing
 i - 3 potions of flight {unknown}
 n - a potion of invisibility {unknown}
 t - 3 potions of haste {unknown}
 B - a potion of resistance {unknown}
 C - 2 potions of lignification
 H - a potion of heal wounds {unknown}
 J - a potion of degeneration {unknown}
 L - a potion of berserk rage {unknown}


   Skills:
 - Level 5.0 Fighting
 - Level 2.0 Armour
 - Level 3.0 Dodging
 - Level 2.0 Stealth
 - Level 3.0 Shields
 - Level 6.0 Spellcasting
 - Level 7.0 Conjurations
 - Level 4.0 Hexes
 - Level 6.0 Fire Magic
 + Level 2.3 Ice Magic
 - Level 1.0 Evocations


You had 5 spell levels left.
You knew the following spells:

 Your Spells              Type           Power      Damage    Failure   Level
a - Magic Dart            Conj           100%       1d8       1%          1
b - Searing Ray           Conj           100%       2d8       1%          2
c - Fulminant Prism       Conj/Hex       25%        3d14      5%          4
d - Fireball              Conj/Fire      28%        3d12      11%         5
e - Hailstorm             Conj/Ice       45%        3d10      8%          4

Your spell library contained the following spells:

 Spells                   Type           Power      Damage    Failure   Level
 Dazzling Flash           Conj/Hex       100%       N/A       1%          3
 Iskenderun's Mystic Bla  Conj/Tloc      37%        2d9       13%         4
 Ice Form                 Ice/Tmut       19%        N/A       32%         4
 Corpse Rot               Necr/Pois/Air  11%        N/A       47%         4
 Dispel Undead            Necr           11%        3d9       47%         4
 Starburst                Conj/Fire      28%        6d9       50%         6
 Simulacrum               Ice/Necr       9%         N/A       99%         6
 Death Channel            Necr           5%         N/A       100%        6
 Ignition                 Fire           26%        3d9       100%        8


Dungeon Overview and Level Annotations

Branches:
Dungeon (8/15)             Temple (0/1) D:4         Ossuary (visited)
   Lair: D:8-11

Shops:
D:6 (


Innate Abilities, Weirdness & Mutations

You have an increased reservoir of magic. (+10% MP)
You shall have no god before yourself.
Your divine heritage dramatically boosts your attributes as you level up.


Message History

You slash the manticore!
The manticore is moderately wounded.
You barely miss the wraith. You block the manticore's attack. x2
The manticore claws you but does no damage.
The wraith closely misses you. The wraith barely misses you.
The manticore closely misses you. x2; The manticore claws you!
You hit the manticore.
The manticore is moderately wounded.
You barely miss the wraith. The wraith misses you. The manticore bites you!
The manticore closely misses you.
The manticore claws you but does no damage.
You feel a sense of dread.
b - the +3 short sword of Zosim (weapon)
{vamp, rElec rC+} The manticore closely misses you. x2
The manticore claws you but does no damage.
The wraith hits you but does no damage.
You barely miss the manticore.
The manticore is moderately wounded.
The wraith hits you but does no damage. The manticore bites you!
The manticore claws you!
* * * LOW HITPOINT WARNING * * *
You block the manticore's attack.
You feel very mighty all of a sudden. The wraith completely misses you.
You block the manticore's attack. The manticore closely misses you.
The manticore claws you but does no damage.
You hit the wraith.
The wraith is severely damaged.
The wraith closely misses you.
The manticore bites you but does no damage.
You block the manticore's attack.
The manticore claws you but does no damage.
You hit the wraith.
The wraith is almost destroyed.
The manticore bites you!
* * * LOW HITPOINT WARNING * * *
You block the manticore's attack. The manticore closely misses you.
The wraith hits you but does no damage.
You feel better. The manticore bites you!!
You die...

# ## # #............. # . .##
.## ##....####..### ##. #.
.##..# #.>..........#
..##.##..##.# #............# #
#).#..##.#.# #....<.......#
##.##..#).##.#.# #............#
'#..##.##).#'.## #...)........#
#.##..#..##.#†H###..<[........#
#)##..#).##.#.W@.##..).....#.##
##..##.##..##.#.....)......>.#
##.##D##.##....#)#........###
##.○#..##..####.#........#
###'###..# #.#........# #..##
##. ..#........# #..# ##
###........# #..# #........#
#..# ##########


You could see a manticore and a wraith.

Vanquished Creatures
  A boulder beetle (D:8)
  Joseph (D:7)
  A hornet (D:8)
  3 wraiths
  5 yaks
  2 water moccasins
  An orc warrior (D:6)
  2 centaurs
  2 ogres
  A gnoll sergeant (D:5)
  2 bullfrogs (D:6)
  2 scorpions (D:5)
  7 wights (D:7)
  A howler monkey (D:5)
  An electric eel (D:6)
  2 orc priests (D:7)
  5 hounds
  2 gnoll boudas (D:8)
  3 iguanas
  6 orc wizards
  A mummy (Ossuary)
  19 gnolls
  11 adders
  A shadow imp (D:4)
  A white imp (D:5)
  3 worms
  7 dart slugs
  21 orcs
  7 endoplasms
  2 giant cockroaches (D:2)
  10 goblins
  12 hobgoblins
  11 jackals
  2 quokkas
  8 ball pythons
  8 bats
  6 frilled lizards
  6 gnoll skeletons (Ossuary)
  7 kobolds
  6 kobold skeletons (Ossuary)
  10 orc skeletons (Ossuary)
  5 rats
214 creatures vanquished.

Vanquished Creatures (others)
  65 fulminant prisms
  30 plants (D:6)
95 creatures vanquished.

Grand Total: 309 creatures vanquished

Notes
Turn   | Place    | Note
-------+----------+-------------------------------------------
     0 | D:1      | wingedge the Demigod Conjurer began the quest for the Orb.
     0 | D:1      | Reached XP level 1. HP: 14/14 MP: 5/5
   145 | D:1      | Reached skill level 4 in Conjurations
   234 | D:1      | Reached XP level 2. HP: 20/20 MP: 2/7
   238 | D:1      | Learned a level 2 spell: Searing Ray
   950 | D:1      | Reached XP level 3. HP: 26/26 MP: 7/9
  1911 | D:2      | Reached skill level 1 in Hexes
  2324 | D:2      | Reached skill level 1 in Fighting
  2324 | D:2      | Reached XP level 4. HP: 28/35 MP: 7/11
  3141 | D:3      | Learned a level 4 spell: Fulminant Prism
  3447 | D:3      | Reached XP level 5. HP: 42/42 MP: 12/12
  3667 | D:3      | You fall into a shaft and drop 1 floor!
  4053 | D:4      | Noticed a yak
  4057 | D:4      | Noticed a yak
  4067 | D:4      | Killed a yak
  4068 | D:4      | Noticed a yak
  4074 | D:3      | Killed a yak
  4075 | D:3      | Reached XP level 6. HP: 15/51 MP: 14/15
  4520 | D:4      | Found a staircase to the Ecumenical Temple.
  4574 | D:4      | Identified the +1 leather armour of Lilacs {rElec rF+
                  | Int+4}
  4679 | D:4      | Noticed a yak
  4681 | D:4      | Noticed a yak
  4684 | D:4      | Killed a yak
  4685 | D:4      | Reached skill level 1 in Armour
  4685 | D:4      | Reached XP level 7. HP: 41/58 MP: 12/16
  4688 | D:4      | Killed a yak
  4689 | D:4      | Reached skill level 5 in Conjurations
  4889 | D:4      | Killed a yak
  5103 | D:4      | Reached skill level 6 in Conjurations
  5316 | D:4      | Identified the +4 hand axe "Wiegoipn" {pain, Int+4 Dex+4}
  5707 | D:5      | Entered Level 5 of the Dungeon
  5712 | D:5      | Reached skill level 1 in Fire Magic
  5792 | D:5      | Reached XP level 8. HP: 66/66 MP: 17/17
  5885 | D:5      | Identified the ring "Joceilar" {rPois Int+5}
  6164 | D:5      | Reached skill level 7 in Conjurations
  6170 | D:5      | Learned a level 5 spell: Fireball
  6626 | D:6      | Reached skill level 1 in Shields
  6626 | D:6      | Reached skill level 1 in Evocations
  6976 | D:6      | Identified the +3 short sword of Zosim {vamp, rElec rC+}
  7122 | D:6      | Found Duetzofi's Weapon Shoppe.
  7808 | D:7      | Reached skill level 5 in Spellcasting
  7814 | D:7      | Reached XP level 9. HP: 70/71 MP: 17/20
  7928 | D:7      | Found a sand-covered staircase.
  7937 | Ossuary  | Entered an ossuary
  8722 | D:7      | Noticed Joseph
  8742 | D:7      | Killed Joseph
  8743 | D:7      | Reached skill level 5 in Fighting
  8760 | D:7      | Reached skill level 5 in Fire Magic
 10020 | D:8      | Noticed a boulder beetle
 10069 | D:8      | HP: 2/74 [gnoll bouda/+0 club (10)]
 10401 | D:7      | Learned a level 4 spell: Hailstorm
 10462 | D:8      | Killed a boulder beetle
 10463 | D:8      | Reached XP level 10. HP: 79/81 MP: 5/22
 10465 | D:8      | Noticed a manticore
 10478 | D:8      | Slain by a manticore

Illustrated notes

Levels and vault maps discovered:
D:1:      dpeg_arrival_rhombus, layout_basic, minmay_misc_feat_roman,
          st_stairs_3, minmay_misc_feat_four_crosses, minmay_fountain_box
D:2:      layout_basic
D:3:      layout_loops_corners, mainiacjoe_overflow_chevrons,
          minmay_misc_feat_room
D:4:      layout_basic, pdpol_wu_jian_five_deadly_venoms,
          nicolae_overflow_crystal_walls, minmay_temple_entry_junction_2,
          minmay_misc_feat_tiny, chequers_serial_rivers_small_3, st_stairs_1,
          minmay_diced_spiral
D:5:      layout_rooms, zin_statuary
D:6:      layout_gridville, serial_shops, nicolae_shop_crystal,
          minmay_misc_feat_nine_boxes, serial_bayou_lagoon_a,
          nrook_loot_triangle, minivault_5
D:7:      layout_layer_cave, gammafunk_temple_overflow_forgotten,
          nicolae_ossuary_entry_monument, uniq_joseph
D:8:      minmay_the_grid_octo_2x2 [minmay_the_grid_octo_checkerflower,
          minmay_the_grid_octo_77, minmay_the_grid_octo_focus,
          minmay_the_grid_octo_prize_square_snowflake], layout_basic,
          nicolae_qazlal_scattered_showers, uniq_pikel, uniq_gastronok

Skill      XL: |  1  2  3  4  5  6  7  8  9 |
---------------+----------------------------+-----
Conjurations   | 4 6 7 |  7.0
Spellcasting   | 2 3 4 5 6 |  6.0
Dodging        | 2 3 |  3.0
Hexes          | 1 3 4 |  4.0
Fighting       | 1 2 3 4 5 |  5.0
Stealth        | 2 |  2.0
Armour         | 1 2 |  2.0
Fire Magic     | 1 4 6 |  6.0
Shields        | 2 3 |  3.0
Evocations     | 1 |  1.0
Ice Magic      | 2 |  2.3

Action                   |  1- 3 |  4- 6 |  7- 9 | 10-12 || total
-------------------------+-------+-------+-------+-------++-------
Melee: Unarmed           |     1 |       |       |       ||     1
       Short sword       |    16 |       |    10 |     3 ||    29
       Hand axe          |       |       |    31 |     5 ||    36
Throw: Throwing net      |       |       |     1 |       ||     1
 Cast: Magic Dart        |    41 |       |     9 |       ||    50
       Searing Ray       |    26 |    39 |    38 |       ||   103
       Fulminant Prism   |       |     1 |    64 |       ||    65
       Fireball          |       |       |    13 |       ||    13
       Hailstorm         |       |       |     2 |     1 ||     3
Evoke: Wand              |       |       |    10 |       ||    10
  Use: Potion            |       |     1 |     1 |     2 ||     4
       Scroll            |       |       |     6 |       ||     6
 Stab: Sleeping          |     1 |       |       |       ||     1
       Paralysed         |       |       |     9 |       ||     9
Armor: Robe              |    14 |     7 |       |       ||    21
       Leather armour    |       |       |     8 |    10 ||    18
       Skin              |       |       |    10 |       ||    10
Dodge: Dodged            |    27 |    18 |    37 |    14 ||    96
Block: Buckler           |       |       |    34 |     9 ||    43
